 Dungeon Crawl Stone Soup version 0.18.1-48-g4cf74bf (webtiles) character file.

4125 Galewin the Basher (level 10, -1/83 (84) HPs)
             Began as a Minotaur Berserker on July 11, 2016.
             Was a High Priest of Trog.
             Slain by a killer bee (10 damage)
             ... on level 9 of the Dungeon.
             The game lasted 00:23:56 (5568 turns).

Galewin the Basher (Minotaur Berserker)             Turns: 5568, Time: 00:23:59

HP:   -1/83 (84)    AC: 20    Str: 26    XL:     10   Next: 6%
MP:   9/9           EV:  9    Int:  4    God:    Trog [*****.]
Gold: 303           SH:  0    Dex: 12    Spells: 0 memorised, 9 levels left

rFire  . . .     SeeInvis .     K - +3 dire flail (holy)
rCold  . . .     Gourm    .     O - +0 plate armour
rNeg   . . .     Faith    .     (shield currently unavailable)
rPois  .         Spirit   .     (helmet restricted)
rElec  .         Dismiss  .     A - +0 cloak
rCorr  .         Reflect  .     g - +2 pair of gloves
SustAt .         Harm     .     k - +1 pair of boots
MR     .....                    (no amulet)
Stlth  ..........               z - +1 ring of protection
                                e - +3 ring of dexterity

@: exhausted, about to teleport, slowed, very slow, not resistant to hostile
enchantments, extremely unstealthy
A: retaliatory headbutt, horns 2
a: Berserk, Trog's Hand, Brothers in Arms, Burn Spellbooks, Renounce Religion


You were on level 9 of the Dungeon.
You worshipped Trog.
Trog was extremely pleased with you.
You were hungry.

You visited 1 branch of the dungeon, and saw 9 of its levels.

You collected 571 gold pieces.
You spent 268 gold pieces at shops.

Inventory:

Hand Weapons
 B - a +2 mace of draining
 K - a +3 dire flail of holy wrath (weapon)
Armour
 a - a +0 shield of reflection
 g - a +2 pair of gloves (worn)
 k - a +1 pair of boots (worn)
 A - a +0 cloak (worn)
 O - a +0 plate armour (worn)
Jewellery
 e - a +3 ring of dexterity (left hand)
 t - an uncursed ring of ice
 z - a +1 ring of protection (right hand)
 G - an uncursed ring of fire
 H - a cursed ring of fire
Wands
 L - a wand of iceblast (12/15)
 M - a wand of digging (10/24)
Scrolls
 f - 3 scrolls of identify
 j - a scroll of enchant weapon
 l - 3 scrolls of remove curse
 q - a scroll of recharging
 r - 3 scrolls of teleportation
 s - 4 scrolls of fog
 y - a scroll of torment {unknown}
 F - a scroll of enchant armour
Potions
 b - a potion of magic {unknown}
 d - a potion of experience {unknown}
 h - 3 potions of brilliance {unknown}
 m - a potion of lignification {unknown}
 n - 2 potions of cure mutation {unknown}
 o - 2 potions of flight {unknown}
 p - a potion of ambrosia {unknown}
 u - a potion of agility {unknown}
 v - 4 potions of curing {unknown}
 w - 2 potions of heal wounds {unknown}
 x - 2 potions of might {unknown}
 D - 2 potions of haste
 E - a potion of beneficial mutation {unknown}
 I - 2 potions of invisibility {unknown}
 N - 2 potions of mutation {unknown}
Comestibles
 c - 6 bread rations
 i - 6 meat rations
 C - 15 fruits
 J - a beef jerky
 P - 2 chunks of flesh


   Skills:
 + Level 6.6 Fighting
 - Level 14.1 Maces & Flails
 + Level 6.1 Armour
 + Level 5.7 Dodging


You had 9 spell levels left.
You didn't know any spells.

Dungeon Overview and Level Annotations

Branches:
Dungeon (9/15)             Temple (0/1) D:5            Lair (0/8) D:9
    Orc: D:9-12

Altars:
Ashenzari
Cheibriados
Elyvilon
Fedhas
Gozag
Nemelex Xobeh
Pakellas
Yredelemnul
The Shining One

Shops:
D:6 (


Innate Abilities, Weirdness & Mutations

You reflexively headbutt those who attack you in melee.
You have a pair of horns on your head.


Message History

Trog accepts your kill.
You have reached level 10!
You hear an angry buzzing noise.
The killer bee stings you but does no damage. x2
You hit the queen bee but do no damage. Your headbutt misses the queen bee.
The queen bee is severely wounded.
You barely miss the queen bee. You headbutt the queen bee!
You kill the queen bee!
Trog accepts your kill.
Your Armour skill increases to level 6!
The killer bee barely misses you.
The killer bee rages. x2
The killer bee barely misses you.
You completely miss the killer bee.
The killer bee stings you but does no damage.
The killer bee stings you.
* * * LOW HITPOINT WARNING * * *
You hear an angry buzzing noise.
The killer bee stings you!
You die... #%.%...# #.%....+ +..%...# #......# #..y...# #yyyyy.# #yyyy.y#

#y# ##@#
#..# #.##
......
##'#####
......#
####......#
<.....#
##..'......#
......#
#..##......#
......#
#.###......#
......####.#
#......#


You could see 10 killer bees.

Vanquished Creatures
  A queen bee (D:9)
  A troll (D:9)
  Eustachio (D:6)
  3 sky beasts
  A black bear (D:6)
  2 orc warriors (D:8)
  4 ogres
  A necrophage (D:5)
  2 phantoms (D:7)
  2 wolves (D:9)
  4 giant frogs
  A wyvern skeleton (D:7)
  A scorpion (D:8)
  12 killer bees (D:9)
  2 howler monkeys
  An electric eel (D:9)
  A giant frog zombie (D:8)
  4 crimson imps
  5 hounds
  6 orc wizards
  An orc priest (D:8)
  A giant frog skeleton (D:8)
  A jelly (D:8)
  Crazy Yiuf (D:5)
  Jessica (D:2)
  Natasha (thrice) (D:2)
  2 iguanas
  7 worker ants
  A hound skeleton (D:7)
  11 gnolls
  7 adders
  2 shadow imps (D:8)
  An adder zombie (D:8)
  A worm (D:6)
  A dart slug (D:2)
  5 giant geckos
  17 orcs
  3 ball pythons
  7 giant cockroaches
  17 goblins
  7 hobgoblins
  2 jackals (D:9)
  9 kobolds
  2 quokkas (D:6)
  12 bats
  A giant cockroach zombie (D:5)
  2 giant gecko zombies
  8 giant newts
  A jackal skeleton (D:8)
  A quokka zombie (D:7)
  5 rats
195 creatures vanquished.

Vanquished Creatures (others)
  A jackal (D:9)
1 creature vanquished.

Grand Total: 196 creatures vanquished

Notes
Turn   | Place    | Note
--------------------------------------------------------------
     0 | D:1      | Galewin the Minotaur Berserker began the quest for the Orb.
     0 | D:1      | Reached XP level 1. HP: 19/19 MP: 0/0
   156 | D:1      | Reached skill level 4 in Maces & Flails
   218 | D:1      | Reached XP level 2. HP: 15/26 MP: 1/1
   575 | D:1      | Reached ** piety under Trog
   645 | D:1      | Reached skill level 5 in Maces & Flails
   843 | D:2      | Reached XP level 3. HP: 30/31 MP: 2/2
   905 | D:2      | Noticed Natasha
   908 | D:2      | Reached XP level 4. HP: 39/39 MP: 3/3
   910 | D:2      | Killed Natasha
   910 | D:2      | Reached skill level 6 in Maces & Flails
   934 | D:2      | Noticed Natasha
   946 | D:2      | Killed Natasha
  1012 | D:2      | Noticed Jessica
  1018 | D:2      | Killed Jessica
  1018 | D:2      | Reached skill level 7 in Maces & Flails
  1018 | D:2      | Reached XP level 5. HP: 36/45 MP: 4/4
  1079 | D:2      | Found an opulent altar of Gozag.
  1085 | D:2      | Found a glowing golden altar of the Shining One.
  1091 | D:2      | Found a snail-covered altar of Cheibriados.
  1340 | D:2      | Noticed Natasha
  1342 | D:2      | Killed Natasha
  1538 | D:3      | Found a blossoming altar of Fedhas.
  1676 | D:3      | Noticed an ogre
  1685 | D:3      | Killed an ogre
  1685 | D:3      | Reached skill level 8 in Maces & Flails
  1685 | D:3      | Reached XP level 6. HP: 51/51 MP: 5/5
  1685 | D:3      | Reached *** piety under Trog
  2157 | D:4      | Reached skill level 9 in Maces & Flails
  2199 | D:4      | Found a shattered altar of Ashenzari.
  2680 | D:5      | Entered Level 5 of the Dungeon
  2695 | D:5      | Reached XP level 7. HP: 57/57 MP: 6/6
  2767 | D:5      | Reached skill level 10 in Maces & Flails
  2945 | D:5      | Found a staircase to the Ecumenical Temple.
  3046 | D:5      | Found a white marble altar of Elyvilon.
  3101 | D:5      | Noticed Crazy Yiuf
  3105 | D:5      | Killed Crazy Yiuf
  3171 | D:5      | Found a basalt altar of Yredelemnul.
  3249 | D:5      | Reached **** piety under Trog
  3249 | D:5      | Reached skill level 11 in Maces & Flails
  3338 | D:5      | Reached XP level 8. HP: 63/63 MP: 7/7
  3471 | D:6      | Reached skill level 12 in Maces & Flails
  3569 | D:6      | Found Geong's Weapon Emporium.
  3584 | D:6      | Bought a +2 dire flail of holy wrath for 268 gold pieces
  3683 | D:6      | Found a sparkling altar of Nemelex Xobeh.
  3683 | D:6      | Found an oddly glowing altar of Pakellas.
  3814 | D:6      | Identified a scroll of acquirement
  3868 | D:6      | Noticed Eustachio
  3876 | D:6      | Killed Eustachio
  3876 | D:6      | Reached skill level 13 in Maces & Flails
  4214 | D:7      | Reached ***** piety under Trog
  4280 | D:7      | Got a steaming scale mail
  4291 | D:7      | Identified the +3 scale mail of Integrity {Int+3} (You found it on level 7 of the Dungeon)
  4473 | D:7      | Reached XP level 9. HP: 69/69 MP: 8/8
  4502 | D:7      | Reached skill level 14 in Maces & Flails
  5070 | D:8      | Received a gift from Trog
  5403 | D:9      | Reached skill level 5 in Fighting
  5437 | D:9      | Found a staircase to the Lair.
  5453 | D:9      | Noticed a troll
  5460 | D:9      | Killed a troll
  5460 | D:9      | Reached skill level 5 in Armour
  5535 | D:9      | Noticed a queen bee
  5538 | D:9      | Reached skill level 5 in Dodging
  5565 | D:9      | Reached XP level 10. HP: 15/83 MP: 9/9
  5568 | D:9      | Slain by a killer bee

Skill      XL: |  1  2  3  4  5  6  7  8  9 10 |
---------------+-------------------------------+-----
Maces & Flails | 4 5 7 8 9 11 13 14 | 14.1
Fighting       | 6 |  6.6
Armour         | 5 6 |  6.1
Dodging        | 5 |  5.7

Action                   |  1- 3 |  4- 6 |  7- 9 | 10-12 || total
-------------------------+-------+-------+-------+-------++-------
Melee: Mace              |    51 |   122 |    88 |       ||   261
       Headbutt          |     7 |    20 |    37 |     1 ||    65
       Dire flail        |       |       |   179 |     3 ||   182
Invok: Berserk           |     2 |     5 |     8 |       ||    15
       Burn Spellbooks   |       |     3 |     2 |       ||     5
       Trog's Hand       |       |       |     1 |       ||     1
  Use: Scroll            |       |    10 |    13 |       ||    23
  Eat: Chunk             |     1 |    10 |    17 |       ||    28
       Beef jerky        |       |       |     1 |       ||     1
Armor: Animal skin       |     6 |       |       |       ||     6
       Ring mail         |     2 |       |       |       ||     2
       Chain mail        |       |    60 |    72 |       ||   132
       Scale mail        |       |       |    14 |       ||    14
       Plate armour      |       |       |    83 |     3 ||    86
Dodge: Dodged            |    30 |    50 |   126 |     2 ||   208
